 Dungeon Crawl Stone Soup version 0.30-a0-141-g30f27751c5 (webtiles) character file.

Game seed: 6940655734042148534

315 qw the Chopper (level 6, -2/39 HPs)
             Began as a Gargoyle Fighter on Sept 25, 2022.
             Slain by Grinder (7 damage)
             ... on level 4 of the Dungeon.
             The game lasted 00:01:04 (3128 turns).

qw the Chopper (Gargoyle Fighter)                   Turns: 3128, Time: 00:01:05

Health: -2/39      AC: 17    Str: 24    XL:     6   Next: 43%
Magic:  6/6        EV:  7    Int:  9    God:
Gold:   21         SH:  4    Dex:  9    Spells: 5/5 levels left

rFire   . . .      SeeInvis .    Y - +0 war axe
rCold   . . .      Faith    .    c - +0 buckler
rNeg    + . .      Spirit   .    e - +0 chain mail
rPois   inf        Reflect  .    (no helmet)
rElec   +          Harm     .    (no cloak)
rCorr   .          Rampage  .    m - +1 pair of gloves {Str+3}
Will    .....                    a - +1 pair of boots
Stlth   ..........               (no amulet)
HPRegen 0.13/turn                (no ring)
MPRegen 0.10/turn                (no ring)

@: no status effects
A: sickness immunity, AC +4, negative energy resistance 1, electricity
resistance, torment resistance 1, petrification resistance
a: no special abilities


You were on level 4 of the Dungeon.
You visited 1 branch of the dungeon, and saw 4 of its levels.

You collected 268 gold pieces.
You spent 247 gold pieces at shops.


Innate Abilities, Weirdness & Mutations

You are immune to sickness and miasma.
Your stone body is resilient. (AC +4)
You are immune to poison.
You resist negative energy. (rN+)
You are resistant to electric shocks. (rElec)
You are resistant to unholy torment.
You are immune to petrification.


   Skills:
 - Level 4.4 Fighting
 + Level 5.3 Axes
 - Level 1.0 Throwing
 - Level 3.2 Armour
 - Level 3.2 Shields


You had 5 spell levels left.
You didn't know any spells.
Your spell library was empty.

Inventory:

Hand Weapons
 i - a +0 flail
 Y - a +0 war axe (weapon)
Missiles
 f - 2 boomerangs
 n - 3 javelins (quivered)
Armour
 a - a +1 pair of boots (worn)
 c - a +0 buckler (worn)
 e - a +0 chain mail (worn)
 m - a +1 pair of gloves of strength (worn)
Jewellery
 g - a ring of fire
 j - a ring of protection from fire
 k - a ring of ice
Potions
 b - a potion of brilliance {unknown}
 d - 4 potions of might
 h - a potion of curing

Dungeon Overview and Level Annotations

Branches:
Dungeon (4/15)
 Temple: D:4-7

Altars:
Ashenzari
Zin

Shops:
D:2 [=([

Annotations:
D:2 1 runed translucent door, Crazy Yiuf
D:4 Grinder


Message History

You barely miss Grinder.
Grinder is moderately wounded.
You hit the kobold. The kobold hits you but does no damage.
Grinder gestures at you.
You shrug off the repeated paralysis!
You closely miss Grinder.
Grinder is moderately wounded.
You hit the kobold but do no damage.
A hobgoblin comes into view.
The kobold hits you but does no damage.
Grinder grins, showing sharp teeth.
Grinder hits you but does no damage.
The hobgoblin shouts!
You slash Grinder!
Grinder is heavily wounded.
You closely miss the kobold. The kobold hits you but does no damage.
Grinder hits you.
You writhe in agony.
The kobold hits you but does no damage. Grinder hits you but does no damage.
You hit Grinder but do no damage.
Grinder is heavily wounded.
You hit the kobold.
You kill the kobold!
Grinder blinks!
Things that are here:
a +0 dagger; a kobold corpse The hobgoblin barely misses you.
Grinder gestures at you. Pain shoots through your body!
You completely miss Grinder.
Grinder is heavily wounded.
You barely miss the hobgoblin. Grinder closely misses you.
The hobgoblin hits you but does no damage.
You barely miss Grinder.
Grinder is heavily wounded.
You hit the hobgoblin.
A ball python comes into view.
Grinder hits you!
You die...

#.# #########.#
#:/..$..#.# ####
#(......#.# ...#
#######..%....#.#....#
..............#.#....#
...........$........>+
......g.).....#.#....#
......"@......#.# .....
...!..5.......#.# #.##
S.............#.# #.#
#######.......#.# #.#
#.........## #.#
#........%%###(###
###########...[)....
#####............%##.###
#.................#.....


You could see Grinder (strong), a hobgoblin and a ball python (wandering).

Vanquished Creatures
  A black bear (D:4)
  A scorpion (D:4)
  Ijyb (D:4)
  An iguana (D:3)
  5 adders
  A dart slug (D:2)
  5 orcs
  7 ball pythons
  7 bats
  6 endoplasms
  2 giant cockroaches
  8 goblins
  4 hobgoblins
  6 quokkas
  A frilled lizard (D:2)
  7 kobolds
  4 rats
  A spectral goblin (D:1)
68 creatures vanquished.

Notes
Turn   | Place    | Note
-------+----------+-------------------------------------------
     0 | D:1      | qw the Gargoyle Fighter began the quest for the Orb.
     0 | D:1      | Reached XP level 1. HP: 14/14 MP: 1/1
     0 | D:1      | 0 ||| qw: Version: 0.2-a-10-g399e6c4
     0 | D:1      | 0 ||| qw: Game counter: 191
     0 | D:1      | 0 ||| qw: Always use a shield: true
     0 | D:1      | 0 ||| qw: God list: Okawaru
     0 | D:1      | 0 ||| qw: Allow faded altars: false
     0 | D:1      | 0 ||| qw: Do Orc after D:15 true
     0 | D:1      | 0 ||| qw: Do second Lair branch before Depths: true
     0 | D:1      | 0 ||| qw: Lair rune preference: random
     0 | D:1      | 0 ||| qw: Plans: Normal, Zot:1-4, God:TSO, Crypt, Tomb,
                  | Pan, Slime:5, Hells, Abyss, Orb
     0 | D:1      | 0 ||| PLANNING D:1-11
    61 | D:1      | Reached skill level 2 in Axes
   178 | D:1      | Reached XP level 2. HP: 19/19 MP: 2/2
   223 | D:1      | Found a faded altar of an unknown god.
   225 | D:1      | 225 ||| Stepping ~*~*~tactically~*~*~ (water).
   518 | D:1      | 518 ||| UPGRADING to +0 chain mail.
   528 | D:1      | 528 ||| DROPPING +0 scale mail.
   529 | D:1      | 529 ||| READING scroll labelled VUYNNADISA.
   530 | D:1      | 530 ||| READING scroll labelled OPRAXZ FUS NEF.
   641 | D:2      | 641 ||| Stepping ~*~*~tactically~*~*~ (stealth).
   643 | D:2      | 643 ||| Stepping ~*~*~tactically~*~*~ (stealth).
   764 | D:2      | Reached skill level 3 in Axes
   870 | D:2      | Reached XP level 3. HP: 23/23 MP: 3/3
   935 | D:2      | Found Ekonut's Jewellery Shop.
   941 | D:2      | 941 ||| Stepping ~*~*~tactically~*~*~ (stealth).
   946 | D:2      | 946 ||| Stepping ~*~*~tactically~*~*~ (stealth).
   948 | D:2      | 948 ||| Stepping ~*~*~tactically~*~*~ (stealth).
   957 | D:2      | 957 ||| SHOPLISTING +4 ring of protection (360 gold, have
                  | 124).
   957 | D:2      | 957 ||| SHOPLISTING amulet of guardian spirit (300 gold,
                  | have 124).
   957 | D:2      | 957 ||| SHOPLISTING amulet of the acrobat (300 gold, have
                  | 124).
   957 | D:2      | 957 ||| SHOPLISTING ring of positive energy (200 gold, have
                  | 124).
   957 | D:2      | 957 ||| SHOPLISTING ring of protection from fire (250 gold,
                  | have 124).
   957 | D:2      | 957 ||| SHOPLISTING ring of resist corrosion (200 gold,
                  | have 124).
   965 | D:2      | 965 ||| Stepping ~*~*~tactically~*~*~ (stealth).
   966 | D:2      | 966 ||| Stepping ~*~*~tactically~*~*~ (stealth).
   981 | D:2      | 981 ||| Stepping ~*~*~tactically~*~*~ (stealth).
  1162 | D:2      | Found Aclapneo's Antique Armour Shop.
  1170 | D:2      | 1170 ||| BUYING pair of embroidered gloves (157 gold).
  1170 | D:2      | Bought a pair of embroidered gloves for 157 gold pieces
  1216 | D:2      | Found Lusumm's Weapon Shoppe.
  1238 | D:2      | Found Dolog's Armour Shoppe.
  1249 | D:2      | 1249 ||| SHOPLISTING +0 plate armour (276 gold, have 1).
  1249 | D:2      | 1249 ||| SHOPLISTING +2 pair of boots of the Amoeba {rC++}
                  | (468 gold, have 1).
  1249 | D:2      | 1249 ||| SHOPLISTING +2 pearl dragon scales (1300 gold,
                  | have 1).
  1249 | D:2      | 1249 ||| SHOPLISTING scarf of repulsion (144 gold, have 1).
  1483 | D:2      | Found a runed translucent door.
  1484 | D:2      | Noticed Crazy Yiuf
  1487 | D:2      | 1487 ||| UPGRADING to +1 pair of gloves of strength.
  1492 | D:2      | 1492 ||| READING 2 scrolls labelled QERUPA IHODA.
  1493 | D:2      | 1493 ||| READING scroll labelled JAKA ATTADO.
  1494 | D:2      | 1494 ||| READING 3 scrolls labelled ZOVELY FEAPNI.
  1495 | D:2      | 1495 ||| READING scroll labelled RERGHI TUEPU.
  1496 | D:2      | 1496 ||| READING scroll labelled MIROBA SILEPHA.
  1548 | D:2      | 1548 ||| READING scroll labelled MIFEDGHASSI.
  1649 | D:2      | 1649 ||| DROPPING scroll of fear.
  1650 | D:2      | 1650 ||| DROPPING 2 scrolls of magic mapping.
  1685 | D:3      | 1685 ||| STAIRDANCE
  1920 | D:3      | 1920 ||| Stepping ~*~*~tactically~*~*~ (stealth).
  1940 | D:3      | Reached skill level 1 in Throwing
  2016 | D:3      | Reached XP level 4. HP: 19/28 MP: 4/4
  2140 | D:3      | Identified the +1 short sword of Dismay {venom, rElec rC-
                  | Stlth+}
  2153 | D:3      | 2153 ||| Stepping ~*~*~tactically~*~*~ (stealth).
  2154 | D:3      | 2154 ||| Stepping ~*~*~tactically~*~*~ (stealth).
  2155 | D:3      | 2155 ||| Stepping ~*~*~tactically~*~*~ (stealth).
  2207 | D:3      | Reached skill level 4 in Axes
  2506 | D:3      | Found Zin's Purification Station.
  2511 | D:3      | Found a glowing silver altar of Zin.
  2514 | D:3      | 2514 ||| BUYING potion of curing (90 gold).
  2514 | D:3      | Bought a potion of curing for 90 gold pieces
  2624 | D:3      | 2624 ||| UPGRADING to +1 pair of boots.
  2629 | D:3      | 2629 ||| READING scroll labelled IPPIAN VOKUJ.
  2632 | D:3      | 2632 ||| DRINKING 2 fuming blue potions.
  2633 | D:3      | 2633 ||| DROPPING potion of magic.
  2650 | D:4      | 2650 ||| Stepping ~*~*~tactically~*~*~ (stealth).
  2655 | D:4      | 2655 ||| Stepping ~*~*~tactically~*~*~ (stealth).
  2666 | D:4      | Reached XP level 5. HP: 32/32 MP: 5/5
  2695 | D:4      | Noticed Ijyb
  2697 | D:4      | 2697 ||| Stepping ~*~*~tactically~*~*~ (hiding).
  2705 | D:4      | Paralysed by Ijyb for 4 turns
  2715 | D:4      | Paralysed by Ijyb for 3 turns
  2722 | D:4      | Paralysed by Ijyb for 3 turns
  2726 | D:4      | Killed Ijyb
  2729 | D:4      | 2729 ||| Stepping ~*~*~tactically~*~*~ (stealth).
  2782 | D:4      | 2782 ||| Stepping ~*~*~tactically~*~*~ (stealth).
  2868 | D:4      | Reached skill level 5 in Axes
  2922 | D:4      | Found a broken altar of Ashenzari.
  2962 | D:4      | Noticed a black bear
  2970 | D:4      | Killed a black bear
  2971 | D:4      | Reached XP level 6. HP: 35/39 MP: 6/6
  3112 | D:4      | Noticed Grinder
  3116 | D:4      | Paralysed by Grinder for 4 turns
  3119 | D:4      | HP: 9/39 [Grinder (13)]
  3126 | D:4      | HP: 4/39 [Grinder/nerve-wracking pain (1)]
  3128 | D:4      | Slain by Grinder

Levels and vault maps discovered:
D:1:      lightli_arrival_chessboard, layout_rooms,
          dreamdust_ecumenical_altar_drowned_temple, serial_park_tiny_pond
D:2:      layout_loops_cross, serial_shops, shop, shop, shop,
          nicolae_shop_hallway_stairs, minmay_tripent, uniq_crazy_yiuf_cottage
D:3:      layout_basic, zin_purify, minivault_26, kennysheep_generic_room_7
D:4:      layout_basic, nicolae_ashenzari_panopticon, serial_shops, shop,
          uniq_menkaure, uniq_ijyb, uniq_grinder, uniq_sigmund

Skill      XL: |  1  2  3  4  5 |
---------------+----------------+-----
Axes           | 2 3 4 5 |  5.3
Throwing       | 1 |  1.0
Fighting       | 4 |  4.4
Armour         | |  3.2
Shields        | |  3.2

Action                   |  1- 3 |  4- 6 || total
-------------------------+-------+-------++-------
Melee: War axe           |   126 |    74 ||   200
Throw: Javelin           |    10 |    18 ||    28
  Use: Scroll            |     8 |     1 ||     9
       Potion            |       |     1 ||     1
Armor: Scale mail        |    24 |       ||    24
       Chain mail        |    54 |    54 ||   108
Dodge: Dodged            |    42 |    27 ||    69
Block: Buckler           |    26 |    10 ||    36

Table legend:
 A = Non-vault XP
 B = Vault XP
 C = Vault XP percentage of total XP
 D = Non-vault monster count
 E = Vault monster count
 F = Vault count percentage of total count
                 A         B        C        D         E       F
            +---------+---------+-------+---------+---------+-------
      Total |     408 |      42 |   9.3 |      63 |       5 |   7.4
            +---------+---------+-------+---------+---------+-------
        D:1 |      19 |       1 |   5.0 |      11 |       1 |   8.3
        D:2 |      26 |       3 |  10.3 |      14 |       2 |  12.5
        D:3 |      98 |       2 |   2.0 |      23 |       1 |   4.2
        D:4 |     265 |      36 |  12.0 |      15 |       1 |   6.2
            +---------+---------+-------+---------+---------+-------
